 Dungeon Crawl Stone Soup version 0.28.0-53-g5a82cb258f (webtiles) character file.

Game seed: 10078101039609374221

52 issech the Chopper (level 3, -8/33 HPs)
             Began as a Minotaur Monk on June 6, 2022.
             Mangled by a gnoll
             ... wielding a +0 halberd
              (10 damage)
             ... on level 2 of the Dungeon.
             The game lasted 00:02:49 (1020 turns).

issech the Chopper (Minotaur Monk)                  Turns: 1020, Time: 00:02:50

Health: -8/33      AC:  5    Str: 15    XL:     3   Next: 60%
Magic:  2/2        EV: 12    Int:  7    God:
Gold:   64         SH:  0    Dex: 14    Spells: 2/2 levels left

rFire   . . .      SeeInvis .   a - +0 hand axe
rCold   . . .      Faith    .   (no shield)
rNeg    . . .      Spirit   .   h - +0 ring mail
rPois   .          Reflect  .   (helmet restricted)
rElec   .          Harm     .   (no cloak)
rCorr   .          Rampage  .   (no gloves)
Will    .....                   (no boots)
Stlth   +.........              j - amulet of the acrobat
HPRegen 0.11/turn               (no ring)
MPRegen 0.08/turn               (no ring)

@: no status effects
A: horns 2, retaliatory headbutt
a: no special abilities


You were on level 2 of the Dungeon.
You visited 1 branch of the dungeon, and saw 2 of its levels.

You collected 64 gold pieces.

Inventory:

Hand Weapons
 a - a +0 hand axe (weapon)
Missiles
 c - 25 bolts
 f - 69 stones (quivered)
 i - 11 sling bullets
Armour
 b - a +0 robe
 h - a +0 ring mail (worn)
Magical Staves
 d - a staff of cold
 g - a staff of earth
Jewellery
 j - an amulet of the acrobat (around neck)
Scrolls
 e - a scroll of vulnerability {unknown}
 k - a scroll of identify {unknown}
 l - a scroll of enchant armour {unknown}
 m - a scroll of magic mapping {unknown}
 o - a scroll of torment {unknown}
Potions
 n - a potion of flight {unknown}


   Skills:
 + Level 4.1 Fighting
 + Level 4.6 Axes
 + Level 0.1 Armour
 + Level 3.8 Dodging
 + Level 1.7 Stealth


You had 2 spell levels left.
You didn't know any spells.
Your spell library was empty.

Dungeon Overview and Level Annotations

Branches:
Dungeon (2/15)

Altars:


Innate Abilities, Weirdness & Mutations

You have a pair of horns on your head.
You reflexively headbutt those who attack you in melee.


Message History

n - a murky cyan potion A dart slug comes into view.
A ball python comes into view.
The ball python hisses angrily.
The dart slug completely misses you.
You slash the dart slug! You headbutt the dart slug.
You kill the dart slug!
The ball python completely misses you. The ball python misses you.
You see here a dart slug corpse.
You hit the ball python.
The ball python is severely wounded.
The ball python closely misses you. x2
You hit the ball python.
You kill the ball python!
Found a scroll labelled SUYMUSM JOUHEKK.
You see here a ball python corpse.
o - a scroll labelled SUYMUSM JOUHEKK A gnoll comes into view.
It is wielding a +0 halberd.
The gnoll shouts!
You hear a shout!
The gnoll moves out of view.
A gnoll comes into view. It is wielding a +0 halberd.
A gnoll comes into view. It is wielding a +0 spear.
The gnoll shouts! x2
The gnoll misses you.
You closely miss the gnoll. Your headbutt misses the gnoll.
The gnoll closely misses you. The gnoll hits you but does no damage.
You completely miss the gnoll. The gnoll barely misses you.
The gnoll closely misses you. You furiously retaliate!
You headbutt the gnoll. You hit the gnoll.
The gnoll is heavily wounded.
The gnoll hits you from afar with a +0 halberd.
The gnoll hits you with a +0 halberd!
You barely miss the gnoll. You headbutt the gnoll.
You kill the gnoll!
The gnoll hits you from afar with a +0 halberd!
* * * LOW HITPOINT WARNING * * *
The gnoll misses you. The gnoll completely misses you.
You see here a +0 halberd.
You hit the gnoll but do no damage. The gnoll hits you with a +0 halberd!
You die...

#...........####
#.#####.........
#.######.#.#####
#....# #†#.#
####.# #†#.# #.#
#.#.. #.# #.# #
#.# #.# #@# #.#
#g# #.# #g# #.#
#.# #.# #.# #.#
#.# #.# #.#
#.######## #.#
#........#####
####..........


You could see 2 gnolls.

Vanquished Creatures
  A gnoll (D:2)
  2 dart slugs
  3 bats (D:1)
  7 endoplasms
  A giant cockroach (D:1)
  2 goblins (D:1)
  5 hobgoblins (D:1)
  3 jackals (D:1)
  A ball python (D:2)
  4 frilled lizards (D:1)
  A kobold (D:1)
  6 rats (D:1)
36 creatures vanquished.

Notes
Turn   | Place    | Note
-------+----------+-------------------------------------------
     0 | D:1      | issech the Minotaur Monk began the quest for the Orb.
     0 | D:1      | Reached XP level 1. HP: 19/19 MP: 0/0
   133 | D:1      | Reached XP level 2. HP: 26/27 MP: 1/1
   633 | D:1      | Reached XP level 3. HP: 32/33 MP: 2/2
  1020 | D:2      | Mangled by a gnoll

Illustrated notes

Levels and vault maps discovered:
D:1:      matt_arrival_grand_opening, layout_basic, grunt_decor_clamped,
          minmay_misc_feat_chi
D:2:      layout_loops_ring, shapermc_ecumenical_altar_petra,
          minmay_fractal_squares_gapless_5, uniq_sigmund

Skill      XL: |  1  2 |
---------------+-------+-----
Axes           | 4 |  4.6
Fighting       | 4 |  4.1
Armour         | |  0.1
Dodging        | |  3.8
Stealth        | |  1.7

Action                   || total
-------------------------++-------
Melee: Hand axe          ||    59
       Headbutt          ||    10
Armor: Robe              ||     5
       Ring mail         ||    12
Dodge: Dodged            ||    52
